[Event "*** Titled Tuesday Blitz"]
[Site "Chess.com"]
[Date "2020.11.03"]
[Round "10"]
[White "alexrustemov"]
[Black "rasmussvane"]
[Result "1-0"]
[WhiteElo "2700"]
[BlackElo "2908"]
[TimeControl "180+1"]
[EndTime "12:01:25 PST"]
[Termination "alexrustemov won by resignation"]

1. d4 d5 2. c4 e6 3. Nc3 a6 4. cxd5 exd5 5. Nf3 Nf6 6. Bg5 Be6 7. e3 Nbd7 8. Bd3 Bd6 9. Qc2 c6 10. O-O Qc7 11. Bh4 O-O 12. Rac1 Rfe8 13. Bg3 Bxg3 14.
hxg3 Bg4 15. b4 Qd6 16. a3 Re7 17. Na4 Rae8 18. Nc5 Nb6 19. Ne5 Bc8 20. a4 Ng4 21. Bxh7+ Kf8 22. Nxg4 Bxg4 23. Bf5 Bxf5 24. Qxf5 g6 25.
Qf4 Nc4 26. Qxd6 Nxd6 27. g4 Kg7 28. g3 Ra8 29. a5 Ne8 30. Kg2 Nf6 31. Kf3 Nh7 32.
Rh1 Rh8 33. Ke2 Nf6 34. Rxh8 Kxh8 35. Kf3 Ne8 36. g5 Nd6 37. Kf4 Kg7 38. g4 Re8 39. Rh1 Re7 40. f3 Nb5 41. Rd1 Kg8 42. Rd3 Kg7 43.
e4 Kg8 44. e5 Nc7 45. Ke3 Ne6 46. f4 Kg7 47. Rd2 Re8 48. Rh2 Re7 49. Nd3 Re8 50. Ne1 Kg8 51. Nf3 Ng7 52. Rh6 Rb8 53. Kd3 b6 54.
axb6 Rxb6 55. Kc3 Rb5 56. f5 gxf5 57. gxf5 Nxf5 58. Rxc6 a5 59. bxa5 Rxa5 60. Kb4 Ra1 61. Rf6 Ne3 62. g6 fxg6 63. Rxg6+ Kf7 64. Rd6 Rc1 65. Kb5 Rc4 66. Kb6 Ke8 67. Rc6 Rxc6+ 68.
Kxc6 Ke7 69. Kc5 Ke6 70. Ng1 Kf5 71. Ne2 Ke6 72. Nf4+ Kd7 73. Nxd5 Nf5 74. Nf4 Ng3 75. d5 Ne4+ 76. Kd4 Ng5 77. Nd3 Nf3+ 78. Ke4 Ng5+ 79.
Kf5 Nf3 80. Nc5+ Kc7 81. d6+ Kc6 82. d7 Kc7 83. e6 Kd8 84. Kf6 Ne5 1-0

[Event "*** Titled Tuesday Blitz"]
[Site "Chess.com"]
[Date "2020.11.03"]
[Round "10"]
[White "jacky72"]
[Black "Flawless_Fighter"]
[Result "1/2-1/2"]
[WhiteElo "2538"]
[BlackElo "2650"]
[TimeControl "180+1"]
[EndTime "12:01:29 PST"]
[Termination "Game drawn - insufficient material"]

1. d4 Nf6 2. c4 e6 3. Nf3 d5 4.
Nc3 c5 5. cxd5 exd5 6. g3 Nc6 7. Bg2 cxd4 8. Nxd4 Bc5 9. Nb3 Bb6 10. O-O d4 11. Ne4 Nxe4 12. Bxe4 O-O 13. Bf4 Re8 14. Bg2 Bg4 15. Re1 Qf6 16. h3 Bh5 17. Qd2 h6 18. g4 Bg6 19. Rad1 Rad8 20. g5 Qf5 21. gxh6 gxh6 22.
Bxh6 d3 23. exd3 Rxe1+ 24. Rxe1 Rxd3 25. Qf4 Qxf4 26. Bxf4 a5 27. Be3 Bxe3 28. Rxe3 Rd1+ 29. Kh2 a4 30. Nc5 Nb4 31. a3 Nc2 32. Re8+ Kg7 33.
Nxa4 Rd2 34. Kg3 Nd4 35. Bxb7 Nf5+ 36. Kg2 Nh4+ 37. Kg3 Nf5+ 38. Kf3 Nd4+ 39. Kg2 Nf5 40. b4 Nh4+ 41. Kg3 Nf5+ 42. Kf3 Rd3+ 43. Kg2 Rxa3 44. Nc5 Nh4+ 45. Kh2 Ra2 46. Kg3 Nf5+ 47. Kf3 Nd4+ 48. Kg2 Rb2 49. Be4 Rxb4 50. Bxg6 fxg6 51. Re4 Kf6 52.
Nd7+ Kf5 53. Re3 Nc2 54. Rc3 Nd4 55. Rc5+ Ke6 56. Ne5 Kd6 57. Ra5 Ne6 58. Nxg6 Rb8 59. h4 Rg8 60. h5 Nf4+ 61. Kf3 Nxh5 62. Ra6+ Kd7 63. Ne5+ Ke7 64. Ke4 Nf6+ 65. Kf5 Ne8 66. Ra7+ Kd6 67. Rd7+ Kc5 68. f4 Rf8+ 69. Kg5 Nd6 70.
Rc7+ Kd5 71. Rc1 Ke6 72. Rc6 Rg8+ 73. Kh4 Kf5 74. Rxd6 Kxf4 75. Ng6+ Kf5 76. Ne7+ Ke5 77. Rd5+ Ke6 78. Nxg8 Kxd5 1/2-1/2

[Event "*** Titled Tuesday Blitz"]
[Site "Chess.com"]
[Date "2020.11.03"]
[Round "10"]
[White "bazar-wokzal"]
[Black "Ural_bogatyr"]
[Result "1-0"]
[WhiteElo "2505"]
[BlackElo "2380"]
[TimeControl "180+1"]
[EndTime "12:01:30 PST"]
[Termination "bazar-wokzal won by resignation"]

1. e4 e5 2. Bc4 Nf6 3. d3 Nc6 4. Nf3 h6 5. O-O d6 6. h3 g5 7.
Nh2 Bg7 8. Nc3 Be6 9. Nd5 Ne7 10. Nxf6+ Bxf6 11. Bxe6 fxe6 12. Qh5+ Kd7 13. Be3 Qe8 14. Qe2 Ng6 15. c3 Nf4 16. Bxf4 gxf4 17. Nf3 Qg6 18. Ne1 Rhg8 19. Qf3 Ke7 20. Rd1 Kf7 21. d4 Kg7 22. d5 exd5 23. Rxd5 Kh7 24. c4 b6 25. b4 a5 26. c5 axb4 27. cxb6 cxb6 28. Rxd6 Rxa2 29.
Rxb6 Ra3 30. Qg4 Qxg4 31. hxg4 Be7 32. Nf3 Rxg4 33. Nxe5 Rg5 34. Nc4 Rc3 35. Rb7 Rg7 36. Nd2 Rd3 37. Nc4 Rd4 38. Nb6 Rxe4 39. Nd5 Bc5 40.
Rxg7+ Kxg7 41. Rc1 Bf8 42. Rc7+ Kg6 43. f3 Rd4 44.
Rc6+ Kg5 45. Nc7 Kf5 46. Ne6 Rd1+ 47. Kh2 Be7 48. Ng7+ Kg5 49. Ne6+ Kf6 50. Nxf4+ Bd6 51. g3 Kf5 52. Rb6 Bxf4 53. gxf4 Rd4 54. Kg3 h5 55. Rb5+ Kf6 56. Rb6+ Kf7 57. Rb5 Ke6 58. Rxh5 Rd5 59. Rh6+ Kf5 60. Rb6 Rd4 61. Rb5+ Ke6 62. Kg4 Kf6 63.
Rb6+ Kf7 64. Kg5 Rc4 65. f5 Rc3 66. Rb7+ Kf8 67. Rxb4 Rxf3 68. Kg6 Rc3 69. Rb8+ Ke7 70. f6+ Ke6 71. Re8+ Kd7 72. f7 Rg3+ 73. Kh5 1-0

[Event "*** Titled Tuesday Blitz"]
[Site "Chess.com"]
[Date "2020.11.03"]
[Round "10"]
[White "Ajedrez_con_German"]
[Black "CaspiIsrael"]
[Result "1/2-1/2"]
[WhiteElo "2478"]
[BlackElo "2603"]
[TimeControl "180+1"]
[EndTime "12:01:31 PST"]
[Termination "Game drawn - insufficient material"]

1. Nf3 f5 2. d4 Nf6 3. c4 g6 4. g3 Bg7 5. Bg2 O-O 6. O-O d6 7. Nc3 c6 8. d5 e5 9. dxe6 Bxe6 10. Qa4 Na6 11. Ng5 Bd7 12. Rd1 Nc5 13. Qc2 h6 14.
Nf3 Be6 15. b3 Nfe4 16. Bb2 Nxc3 17. Bxc3 Bxc3 18. Qxc3 Ne4 19. Qe3 Qb6 20. Nd4 Bf7 21.
Qxh6 Rae8 22. e3 Qc5 23. h4 Nf6 24. Nf3 Ng4 25. Qf4 Re6 26. Ng5 Rf6 27. Qd4 Qxd4 28.
Rxd4 Rd8 29. Rad1 Ne5 30. Nf3 Ng4 31. Bh3 Nh6 32. Ng5 Kg7 33. Bg2 Bg8 34. Bf3 Kf8 35.
Kg2 Ke7 36. R4d2 a6 37. Rc1 Be6 38. Rcd1 Bg8 39. Nh3 Nf7 40. Nf4 Ne5 41. Nd3 Nd7 42. Nf4 Nc5 43. Ne2 Bf7 44. Nf4 a5 45. Nd3 Na6 46.
Nf4 a4 47. Nh3 axb3 48. axb3 Nc5 49. Rb1 Ra8 50. Ng5 Bg8 51. b4 Nd7 52. b5 Ne5 53.
bxc6 bxc6 54. Rb7+ Kf8 55. Nh7+ Bxh7 56. Rxh7 Rd8 57.
Rh8+ Ke7 58. Rxd8 Kxd8 59. Be2 Kc7 60. Ra2 Kb7 61. f4 Nd7 62. g4 fxg4 63. Bxg4 Nc5 64.
Kg3 Rf8 65. Bf3 Kb6 66. Rb2+ Kc7 67. e4 Re8 68. Re2 Kd7 69. e5 dxe5 70. Rxe5 Rxe5 71.
fxe5 Ke6 72. Bxc6 Kxe5 73. Kg4 Kf6 74. Bd5 Nd3 75. Kg3 Kg7 76. Kg4 Kh6 77. Be4 Ne5+ 78. Kg3 Nxc4 79. Bxg6 Kxg6 80. h5+ Kh6 81. Kf4 Nd6 82.
Ke5 Ne8 83. Kf4 Ng7 84. Ke5 Kg5 85. Ke4 Ne6 86. Ke5 Nf8 87. h6 Nh7 88. Ke4 Kxh6 1/2-1/2

[Event "*** Titled Tuesday Blitz"]
[Site "Chess.com"]
[Date "2020.11.03"]
[Round "10"]
[White "Qvalda"]
[Black "pavelalexandru07"]
[Result "1-0"]
[WhiteElo "2399"]
[BlackElo "2313"]
[TimeControl "180+1"]
[EndTime "12:01:31 PST"]
[Termination "Qvalda won by checkmate"]

1. e4 c5 2. c3 d5 3. exd5 Qxd5 4. d4 g6 5. Nf3 Bg7 6. Na3 Nf6 7. Bc4 Qe4+ 8. Be3 cxd4 9. Bxf7+ Kf8 10. cxd4 Ng4 11.
O-O Nxe3 12. fxe3 Qxe3+ 13. Kh1 Bf6 14. Bb3 Bg4 15. Nc4 Bxf3 16. Rxf3 Qg5 17. d5 Kg7 18. d6 exd6 19. Qxd6 Rd8 20. Qc7+ Rd7 21. Qc8 Rd8 22. Qxb7+ Nd7 23. Raf1 Rab8 24. Qxa7 Ra8 25. Qc7 Rac8 26. Qd6 Be5 27. Rf7+ Kh6 28. Qe7 Qxe7 29. Rxe7 Bf6 30.
Re2 Bg7 31. h3 Nc5 32. Rd2 Nxb3 33. Rxd8 Rxd8 34. axb3 Rb8 35. Rf3 Rb4 36. g4 Bd4 37.
Kg2 Kg7 38. Rd3 Bf6 39. Kf3 Rb5 40. Nd2 Bxb2 41. Ne4 Be5 42. Rd7+ Kg8 43. Rd3 Rb4 44. Nd2 Bf6 45. Nc4 Kg7 46. Kg3 Be7 47. h4 Kf7 48. g5 Ke6 49. Re3+ Kf7 50. Kf3 Bc5 51. Rd3 Be7 52. Kg4 Rb5 53. Rf3+ Kg7 54. Re3 Kf7 55. Kh3 Kg7 56. Rxe7+ Kg8 57. Re3 Rb4 58. Rf3 Rb5 59. Kg4 Rc5 60. Rc3 Rb5 61. Nd2 Rb4+ 62. Kg3 Rb5 63. Rc4 Re5 64. b4 Re3+ 65. Nf3 Rb3 66. Kf4 Rb1 67. Rd4 Rb3 68. Re4 Rb1 69. Ke5 Kf7 70.
Nd2 Rb2 71. Nf1 Rf2 72. Ne3 Rb2 73. Nd5 Rc2 74. Kd6 Rd2 75. Rf4+ Kg7 76. b5 Rb2 77. b6 Rb5 78. Kc6 Rb3 79. b7 h5 80. Kc7 Kh7 81. b8=Q Rh3 82. Rf7# 1-0

[Event "*** Titled Tuesday Blitz"]
[Site "Chess.com"]
[Date "2020.11.03"]
[Round "10"]
[White "annacramling"]
[Black "ethylalcohol"]
[Result "1-0"]
[WhiteElo "1993"]
[BlackElo "2085"]
[TimeControl "180+1"]
[EndTime "12:01:38 PST"]
[Termination "annacramling won by checkmate"]

1. d4 Nf6 2. c4 g6 3. Nc3 Bg7 4. e4 d6 5. h3 c6 6. Nf3 Nbd7 7.
Bg5 O-O 8. Be2 e5 9. d5 cxd5 10.
cxd5 h6 11. Be3 Nb6 12. Qd2 Kh7 13. O-O Bd7 14. Rac1 Rc8 15. Ne1 Nc4 16. Bxc4 Rxc4 17. Qe2 b5 18. b3 Rxc3 19. Rxc3 Nxe4 20. Rc1 Qa5 21. Nd3 Nc3 22. Qd2 b4 23. Nxb4 Ne4 24. Qe1 Bb5 25. Nc6 Qxa2 26. Qd1 Bxf1 27. Kxf1 Qa6+ 28.
Kg1 f5 29. Ra1 Qb5 30. Rxa7 f4 31. Bc1 Nc3 32. Qe1 Qc5 33. Kh2 e4 34. Bb2 Kg8 35. Bxc3 Qxc3 36. Ne7+ Kf7 37. Qxe4 Be5 38. Nf5+ Kf6 39.
Nxh6 f3+ 40. g3 Bxg3+ 41. Kxg3 Qe5+ 42. Qxe5+ Kxe5 43. Ng4+ Kxd5 44. Rd7 Ra8 45. Rg7 Rb8 46. Kxf3 Rxb3+ 47. Kg2 Ke4 48. Rxg6 d5 49. Re6+ Kf5 50.
Re5+ Kf4 51. Rxd5 Rb2 52. Rd4+ Kg5 53. Rd8 Rb3 54. f3 Rb2+ 55. Kg3 Rb3 56. Rg8+ Kf5 57. h4 Rb1 58. h5 Rg1+ 59. Kf2 Rh1 60. h6 Ke6 61. Rg7 Rh5 62. h7 Kf5 63. Rd7 Kg6 64. Ne5+ Kf6 65. Ng4+ Kg6 66. Kg3 Rxh7 67. Rxh7 Kxh7 68.
Kf4 Kg6 69. Ke5 Kf7 70. f4 Ke7 71. f5 Kf7 72. Nh6+ Kg7 73. Ke6 Kxh6 74. Ke7 Kg7 75. f6+ Kg8 76. f7+ Kh7 77. f8=Q Kg6 78. Qf6+ Kh5 79.
Ke6 Kg4 80. Ke5 Kg3 81. Ke4 Kg2 82. Ke3 Kh1 83. Kf2 Kh2 84. Qh4# 1-0

[Event "*** Titled Tuesday Blitz"]
[Site "Chess.com"]
[Date "2020.11.03"]
[Round "10"]
[White "Jospem"]
[Black "Legendinunknown"]
[Result "1/2-1/2"]
[WhiteElo "2979"]
[BlackElo "2693"]
[TimeControl "180+1"]
[EndTime "12:01:39 PST"]
[Termination "Game drawn by repetition"]

1. e4 e5 2. Nf3 Nc6 3. Bb5 a6 4. Ba4 Nf6 5. d3 d6 6. c3 g6 7. h3 Bg7 8. Be3 O-O 9. Nbd2 Nh5 10. d4 Bd7 11. O-O Qe8 12. Bb3 h6 13. dxe5 dxe5 14. Bc5 Ne7 15. Nc4 Rd8 16. Ncxe5 Bb5 17. Qe1 Bxf1 18. Bxe7 Qxe7 19. Nxg6 Qf6 20. Nxf8 Bxg2 21.
Kxg2 Nf4+ 22. Kh2 Kxf8 23. Rd1 Ne6 24. Bxe6 fxe6 25. Rxd8+ Qxd8 26. Qe3 Kg8 27. Kg2 Qd1 28. Qc5 Qc2 29. Qc4 Qxb2 30. Qxe6+ Kh8 31. Qc8+ Kh7 32. Qxc7 Qxa2 33. Qxb7 a5 34. e5 Qe6 35. Qa8 Qg6+ 36. Kh2 Qf5 37. Kg2 Qg6+ 38. Kf1 Qd3+ 39. Kg1 a4 40. Nd4 Qd1+ 41. Kg2 Bxe5 42. Qb7+ Bg7 43.
Qc8 Bxd4 44. Qf5+ Kg8 45. Qd7 Qd3 46. cxd4 Qg6+ 47. Kf1 Qf7 48. Qc8+ Kg7 49. Qa8 Qc4+ 50. Kg1 Qxd4 51. Qb7+ Kg6 52. Qc6+ Kg5 53. Qb5+ Kf4 54.
Qb8+ Ke4 55. Qb7+ Kd3 56. Qh7+ Kc3 57. Qc7+ Kb2 58. Qb7+ Ka2 59. Qf7+ Ka3 60. Qf8+ Kb3 61. Qf7+ Qc4 62. Qb7+ Kc2 63. Qh7+ Kb2 64. Qh8+ Qc3 65.
Qb8+ Ka1 66. Qa8 a3 67. h4 a2 68. Kg2 Kb1 69. Qe4+ Qc2 70. Qb4+ Kc1 71. Qe1+ Kb2 72. Qb4+ Qb3 73. Qd2+ Kb1 74. Qe1+ Kc2 75. Qe2+ Kc3 76. Qe3+ Kb4 77. Qd4+ Kb5 78. Qd7+ Kc5 79. Qc7+ Kd4 80. Qf4+ Kc3 81. Qe3+ Kb2 82. Qd2+ Kb1 83. Qe1+ Kc2 84.
Qe2+ Kc3 85. Qe3+ 1/2-1/2

[Event "*** Titled Tuesday Blitz"]
[Site "Chess.com"]
[Date "2020.11.03"]
[Round "10"]
[White "vugarrasulov"]
[Black "lolo9292"]
[Result "1-0"]
[WhiteElo "2865"]
[BlackElo "2512"]
[TimeControl "180+1"]
[EndTime "12:01:43 PST"]
[Termination "vugarrasulov won on time"]

1. d4 Nf6 2. c4 g6 3. Nf3 Bg7 4. g3 d6 5. Bg2 O-O 6. O-O Bf5 7. Re1 c6 8. Qb3 Qb6 9. Qa3 Qa6 10. b3 Qxa3 11.
Bxa3 a5 12. Nfd2 Na6 13. e4 Bg4 14. e5 dxe5 15. dxe5 Nd7 16. f4 Nb4 17. Nc3 Nc2 18.
Bxe7 Nxe1 19. Bxf8 Bxf8 20. Rxe1 Bb4 21. Nde4 Nc5 22. Re3 Nxe4 23. Nxe4 Bf5 24. Kf2 a4 25. Kf3 h5 26. h3 axb3 27. Rxb3 c5 28. Nf6+ Kg7 29.
g4 Bc2 30. Rb2 Bd1+ 31. Kf2 Bc3 32. Bxb7 Ra7 33. Rb6 Rxa2+ 34. Ke3 hxg4 35. hxg4 Bd2+ 36. Ke4 Ra3 37. Kd5 Bf3+ 38. Kd6 Rd3+ 39. Bd5 Bxf4 40. Rb8 Kh6 41. Rf8 Re3 42. Nd7 Bxg4 43. Rxf7 Bxd7 44.
Rxd7 Rxe5 45. Kxc5 g5 46. Kd4 Re1 47. Be4 g4 48. Rh7+ Kg5 49. c5 Rd1+ 50. Bd3 g3 51.
Rg7+ Kf6 52. Rg4 Be5+ 53. Ke4 Re1+ 54. Kd5 Re3 55. Bh7 Re2 56. Be4 Rd2+ 57. Kc6 Rd4 58. Rg6+ Kf7 59. Bc2 Rd2 60. Be4 Re2 61. Bf5 Rf2 62.
Be4 Rf4 63. Bc2 Rc4 64. Bd3 Rc3 65. Be4 Bf4 66. Rg4 Be5 67. Kd5 Bf6 68. c6 Re3 69.
Bg6+ Kg7 70. Be4+ Kf8 71. Rg6 Kf7 72. Rg4 Rc3 73. Bg6+ Kg7 74. Bf5+ Kf7 75. Be6+ Ke7 76. Bf5 Rc1 77. Re4+ Kd8 78. Rg4 Rd1+ 79. Ke6 Bc3 80.
Rxg3 Re1+ 81. Kd5 Re5+ 82. Kd6 Re8 83. Rxc3 1-0

[Event "*** Titled Tuesday Blitz"]
[Site "Chess.com"]
[Date "2020.11.03"]
[Round "10"]
[White "Alexsur1981"]
[Black "SantoBlue"]
[Result "1-0"]
[WhiteElo "2815"]
[BlackElo "2886"]
[TimeControl "180+1"]
[EndTime "12:01:49 PST"]
[Termination "Alexsur1981 won by resignation"]

1. e4 c5 2. Nc3 Nc6 3. Bb5 Nd4 4. Nf3 g6 5. Nxd4 cxd4 6. Ne2 Bg7 7. c3 a6 8. Ba4 b5 9. Bc2 dxc3 10. bxc3 Bb7 11. d4 Nf6 12. f3 O-O 13. O-O Qb6 14. Kh1 Rfc8 15. a4 d6 16. Rb1 Qd8 17. axb5 axb5 18.
Bd3 Ba6 19. Be3 Qa5 20. Qd2 Nd7 21. Ra1 Qc7 22. Rfb1 Nb6 23. Bh6 Nc4 24. Bxc4 Qxc4 25. Bxg7 Kxg7 26. Rb4 Qc7 27. Rab1 Bb7 28. Rxb5 Ba6 29.
R5b3 Bc4 30. Rb7 Rab8 31. Rxb8 Rxb8 32. Rxb8 Qxb8 33. Ng1 Qb1 34. h3 h5 35. Kh2 f6 36. Ne2 h4 37. Nc1 g5 38. Kg1 Ba6 39. Kf2 Qa1 40. e5 d5 41. exf6+ exf6 42. Ne2 Bc4 43.
f4 gxf4 44. Qxf4 Qb2 45. Qe3 Kf7 46. Qf3 Qd2 47. Qh5+ Ke7 48. Qf3 Qc2 49. Qe3+ Kf7 50. Qf3 Bxe2 51. Qxe2 Qxc3 52. Qh5+ Ke7 53. Qxh4 Qd2+ 54.
Kg1 Qe3+ 55. Kh2 Kf7 56. Qg4 Qf2 57. Qd7+ Kg6 58. Qxd5 Qf4+ 59. Kg1 Qe3+ 60. Kf1 Qd3+ 61. Kf2 Qd2+ 62. Kg3 f5 63. Qe6+ Kg7 64. Qxf5 Qc3+ 65.
Qf3 Qe1+ 66. Kh2 Qd2 67. Qg3+ Kh6 68. Qe5 Kg6 69. d5 Kh6 70. d6 Kg6 71. h4 Qb4 72.
Qg5+ Kh7 73. Qe7+ Kh6 74. Qe6+ Kh7 75. g3 Qd2+ 76. Kh3 Qd3 77. d7 Qf1+ 78. Kg4 Qd1+ 79. Kf4 Qf1+ 80. Ke5 Qe1+ 81. Kd6 Qb4+ 82. Kc7 Qa5+ 83. Qb6 Qe5+ 84. Kc8 Qf5 85. h5 Qg4 86. Qg6+ Kh8 87. Qxg4 1-0

[Event "*** Titled Tuesday Blitz"]
[Site "Chess.com"]
[Date "2020.11.03"]
[Round "10"]
[White "AryanTari"]
[Black "AndrewMaco"]
[Result "1/2-1/2"]
[WhiteElo "2876"]
[BlackElo "2682"]
[TimeControl "180+1"]
[EndTime "12:01:49 PST"]
[Termination "Game drawn by repetition"]

1. b3 d5 2. Bb2 c5 3. e3 a6 4. f4 Nc6 5. Nf3 f6 6. Be2 Nh6 7. O-O e6 8. c4 d4 9. Qe1 Be7 10.
a3 a5 11. exd4 cxd4 12. Bd3 O-O 13. Be4 Bc5 14. d3 Ng4 15. Nbd2 Ne3 16. Rf2 Nc2 17. Qd1 Nxa1 18. Qxa1 Bd7 19. Bxc6 Bxc6 20. Bxd4 Bxd4 21.
Nxd4 Re8 22. Ne4 Bxe4 23. dxe4 Qb6 24. Qc3 e5 25. Nf5 exf4 26. c5 Qe6 27. Rxf4 Rac8 28. Qg3 Qd7 29. Nxg7 Qxg7 30. Rg4 Qxg4 31. Qxg4+ Kh8 32.
Qf5 Rc6 33. b4 axb4 34. axb4 Rce6 35. h3 Kg7 36. Qd5 R8e7 37. b5 Rxe4 38. Kh2 R4e5 39. Qd6 R5e6 40. Qb8 h5 41. Qg3+ Kf7 42. Qb3 Kg6 43.
Qd3+ Kg7 44. Qg3+ Kf7 45. Qf3 Re5 46. Qb3+ Kg7 47. Qb4 Rc7 48. c6 bxc6 49. Qd6 Ree7 50.
b6 Rb7 51. Qxc6 Red7 52. Kg3 Kg6 53. Qc2+ Kh6 54. Qc1+ Kg6 55. Qc2+ Kh6 56. Qc6 Kg6 57. Kh2 Kg7 58. Kg1 Kg6 59. Kf2 Re7 60. Kg3 Kh6 61.
Kh4 Kg6 62. Qc2+ Kg7 63. Kxh5 Re5+ 64. Kh4 Rb5 65. g4 R5xb6 66. Kh5 Rb5+ 67. Kh4 Rb3 68. Qc6 R3b5 69. Kg3 Rb3+ 70. Kh4 R3b5 71. Qd6 Rf7 72.
Qe6 Rfb7 73. Qe4 R5b6 74. Qd4 Rb5 75. Qd3 Rb4 76. Qc3 R4b5 77. Qa1 Kf7 78. Qa2+ Kg7 79.
Qa1 Kf7 80. Qa8 Kg7 81. Qe8 R5b6 82. Kg3 Rb5 83. Qe2 Rb2 84. Qe6 R2b3+ 85. Kh4 R3b5 86.
Qe3 Rb3 87. Qd4 R3b4 88. Qc3 R4b5 89. Qa1 1/2-1/2

[Event "*** Titled Tuesday Blitz"]
[Site "Chess.com"]
[Date "2020.11.03"]
[Round "10"]
[White "davidkalashian"]
[Black "Oglob71"]
[Result "1-0"]
[WhiteElo "2609"]
[BlackElo "2473"]
[TimeControl "180+1"]
[EndTime "12:02:55 PST"]
[Termination "davidkalashian won by resignation"]

1. d4 c5 2. e4 cxd4 3. c3 Nf6 4. e5 Nd5 5. Nf3 e6 6. Bc4 Nb6 7. Bb3 d6 8. cxd4 dxe5 9. Nxe5 N8d7 10. O-O Nxe5 11. dxe5 Qxd1 12. Rxd1 Bd7 13. Nc3 O-O-O 14. a4 Bc6 15. Rxd8+ Kxd8 16. Be3 Nd7 17. Bxa7 Nxe5 18. Nb5 Nd7 19. Rd1 Kc8 20. Be3 Nc5 21. Na7+ Kc7 22. Bf4+ Kb6 23. Nc8+ Ka5 24. Bd2+ Ka6 25. Bc4+ b5 26. axb5+ Bxb5 27. Ra1+ Kb7 28. Bxb5 Kxc8 29. Ra8+ Kb7 30. Re8 Kb6 31. Bf1 Kc6 32. Bb4 g6 33.
Bc3 Rg8 34. b4 Ne4 35. Be5 Kd7 36. Ra8 f6 37. Bb5+ Ke7 38. Ra7+ Kd8 39. Bc7+ Kc8 40. Ba6+ Kd7 41. Bg3+ Kc6 42. b5+ Kb6 43. Rb7+ Ka5 44. f3 Bc5+ 45. Kf1 Nd2+ 46. Ke2 Nc4 47. Be1+ Ka4 48.
Rc7 Nd6 49. Rxc5 Rb8 50. Rc6 Nxb5 51. Bxb5+ Kxb5 52. Rxe6 Rf8 53. Bd2 Kc5 54. Re3 Kd5 55. Rc3 Re8+ 56. Re3 Ra8 57. Rd3+ Ke6 58. h3 h5 59.
Re3+ Kf7 60. Kf2 g5 61. Re2 h4 62. Be3 Ra3 63. Rd2 Kg6 64. Rc2 Rb3 65. Rd2 Ra3 66. Rd6 Ra2+ 67. Bd2 Kf5 68. Ke3 Ke5 69. Rd3 f5 70. Bc3+ Ke6 71. Rd2 Ra3 72. Kd3 Kd5 73. Re2 Kd6 74. Kc4 Ra4+ 75. Bb4+ Kd7 76. Re7+ Kc6 77.
Re6+ Kd7 78. Re7+ Kc6 79. Re2 Ra1 80. Re5 Rg1 81. Re6+ Kd7 82. Re2 Kc6 83. Bc3 Kd6 84.
Bd4 Rc1+ 85. Kb3 Rb1+ 86. Kc2 Rf1 87. Bf6 g4 88. fxg4 fxg4 89. Bxh4 gxh3 90. gxh3 Rh1 91.
Bg3+ Kd5 92. h4 Kd4 93. Bf2+ Kc4 94. Kd2 Kd5 95. Ke3 Rh3+ 96. Kf4 Ra3 97. Kg4 Ra4+ 98.
Kg5 Ra5 99. Bg3 Kc4+ 100. Kg4 Kd3 101. Rf2 Ra4+ 102. Rf4 Ra7 103. h5 Rg7+ 104. Kh4 Ke3 105. Rg4 Rh7 106. Kg5 Kf3 107. Be5 Rf7 108. Rf4+ Rxf4 109. Bxf4 Ke4 110. h6 Kd5 111. h7 1-0

[Event "*** Titled Tuesday Blitz"]
[Site "Chess.com"]
[Date "2020.11.03"]
[Round "11"]
[White "Beca95"]
[Black "alexrustemov"]
[Result "0-1"]
[WhiteElo "2935"]
[BlackElo "2713"]
[TimeControl "180+1"]
[EndTime "12:04:40 PST"]
[Termination "alexrustemov won by resignation"]

1. d4 d5 2. c4 e6 3. Nc3 Be7 4. Nf3 Nf6 5. Bg5 O-O 6. e3 h6 7.
Bxf6 Bxf6 8. Rc1 c6 9. h4 g6 10. g4 Bg7 11. g5 h5 12. Bd3 Nd7 13. cxd5 exd5 14. Kd2 Nb6 15. Kc2 Bg4 16. Rg1 Nc4 17.
Kb1 Bxf3 0-1

[Event "*** Titled Tuesday Blitz"]
[Site "Chess.com"]
[Date "2020.11.03"]
[Round "11"]
[White "DryCounty"]
[Black "MasterKroket"]
[Result "0-1"]
[WhiteElo "2557"]
[BlackElo "2445"]
[TimeControl "180+1"]
[EndTime "12:05:01 PST"]
[Termination "MasterKroket won by resignation"]

1. e4 c5 2. Nf3 e6 3. d4 cxd4 4.
Nxd4 Nc6 5. Nc3 Qc7 6. g3 a6 7. Bg2 Nf6 8. O-O Nxd4 9. Qxd4 Bc5 10. Bf4 d6 11. Qd2 h6 12. Rad1 e5 13. Be3 O-O 14. Bxc5 dxc5 15. f4 Bg4 16. Bf3 Bxf3 17. Rxf3 Rad8 18.
Rd3 Rxd3 19. Qxd3 exf4 20. Qd6 Qxd6 21. Rxd6 fxg3 22. e5 gxh2+ 23. Kg2 Ng4 24. Rd5 Ne3+ 0-1

[Event "*** Titled Tuesday Blitz"]
[Site "Chess.com"]
[Date "2020.11.03"]
[Round "11"]
[White "TigrVShlyape"]
[Black "yobdc"]
[Result "1-0"]
[WhiteElo "2865"]
[BlackElo "2393"]
[TimeControl "180+1"]
[EndTime "12:05:09 PST"]
[Termination "TigrVShlyape won by resignation"]

1. d4 Nf6 2. Nf3 d5 3. Bf4 e6 4.
e3 c5 5. c3 Nc6 6. Nbd2 Bd6 7.
Bg3 O-O 8. Bd3 b6 9. Qe2 Bb7 10. Rd1 Re8 11. e4 Be7 12. e5 Nh5 13. a3 Rc8 14. Nf1 cxd4 15. Nxd4 Nxd4 16. cxd4 g6 17. Ne3 Bg5 18. Ng4 Bc6 19. h4 Bh6 20. Nxh6+ 1-0

[Event "*** Titled Tuesday Blitz"]
[Site "Chess.com"]
[Date "2020.11.03"]
[Round "11"]
[White "kleopl"]
[Black "Maghalashvili"]
[Result "1-0"]
[WhiteElo "2461"]
[BlackElo "2674"]
[TimeControl "180+1"]
[EndTime "12:05:41 PST"]
[Termination "kleopl won by resignation"]

1. c4 a6 2. Nc3 c5 3. Nf3 b5 4.
cxb5 d5 5. d4 e6 6. e4 dxe4 7.
Nxe4 cxd4 8. Qxd4 Qxd4 9. Nxd4 Nf6 10. Nxf6+ gxf6 11. bxa6 Bb4+ 12. Bd2 Bxd2+ 13. Kxd2 Ke7 14. Ke3 Nd7 15. Nc6+ Kd6 16. Nb4 Nc5 17. Be2 Bxa6 18. Rhd1+ 1-0

[Event "*** Titled Tuesday Blitz"]
[Site "Chess.com"]
[Date "2020.11.03"]
[Round "11"]
[White "Zhigalko_Sergei"]
[Black "chito89"]
[Result "1-0"]
[WhiteElo "2926"]
[BlackElo "2804"]
[TimeControl "180+1"]
[EndTime "12:05:53 PST"]
[Termination "Zhigalko_Sergei won by resignation"]

1. e4 e5 2. Nf3 Nc6 3. Bb5 a6 4. Ba4 Nf6 5. O-O b5 6. Bb3 Bb7 7. d3 Ke7 8. a4 Ke8 9. axb5 axb5 10. Rxa8 Bxa8 11. Nc3 b4 12. Ng5 bxc3 13. Nxf7 Qb8 14. Nxh8 Nd4 15. Bf7+ Ke7 16. bxc3 Nb5 17. f4 Nxc3 18.
Qe1 1-0

[Event "*** Titled Tuesday Blitz"]
[Site "Chess.com"]
[Date "2020.11.03"]
[Round "11"]
[White "Omk124"]
[Black "Rakhimzhan_Alen"]
[Result "0-1"]
[WhiteElo "2420"]
[BlackElo "2603"]
[TimeControl "180+1"]
[EndTime "12:05:59 PST"]
[Termination "Rakhimzhan_Alen won by resignation"]

1. e4 e5 2. Nf3 Nc6 3. Bc4 Bc5 4. c3 Nf6 5. d3 d6 6. b4 Bb6 7. a4 a5 8. b5 Ne7 9. O-O O-O 10. Ba3 Ng6 11.
Nbd2 h6 12. Re1 Be6 13. Qb3 Qd7 14. d4 Rfe8 15. Rad1 exd4 16. Nxd4 Bxd4 17. cxd4 d5 18. exd5 Bxd5 19. Qd3 Nf4 20. Qg3 N6h5 21. Qh4 g5 22.
Rxe8+ Rxe8 0-1

[Event "*** Titled Tuesday Blitz"]
[Site "Chess.com"]
[Date "2020.11.03"]
[Round "11"]
[White "GMKrikor"]
[Black "AliKa2810"]
[Result "1-0"]
[WhiteElo "2758"]
[BlackElo "2562"]
[TimeControl "180+1"]
[EndTime "12:06:16 PST"]
[Termination "GMKrikor won by resignation"]

1. e4 d6 2. d4 g6 3. Nc3 Bg7 4.
Be3 a6 5. h4 h5 6. f3 b5 7. Qd2 Bb7 8. Nh3 Nd7 9. Ng5 c5 10. a4 b4 11. Bc4 e6 12. Ne2 Ne7 13. Bxe6 fxe6 14. Nxe6 Qb6 15. Nxg7+ Kf7 16. dxc5 Nxc5 17.
Bd4 Rh7 18. Qg5 Rxg7 19. Bxg7 1-0

[Event "*** Titled Tuesday Blitz"]
[Site "Chess.com"]
[Date "2020.11.03"]
[Round "11"]
[White "UB_TheQueen"]
[Black "Evachess2006"]
[Result "1-0"]
[WhiteElo "2060"]
[BlackElo "1630"]
[TimeControl "180+1"]
[EndTime "12:06:18 PST"]
[Termination "UB_TheQueen won by resignation"]

1. e4 e5 2. Nf3 Nc6 3. Bc4 Bc5 4.
b4 Bxb4 5. c3 Be7 6. d4 d6 7.
Qb3 Na5 8. Bxf7+ Kf8 9. Qa4 Kxf7 10. Qxa5 Nf6 11. dxe5 Nxe4 12. Qd5+ Be6 13. Qxe4 1-0

[Event "*** Titled Tuesday Blitz"]
[Site "Chess.com"]
[Date "2020.11.03"]
[Round "11"]
[White "Sebastian"]
[Black "Kildepiotr"]
[Result "1-0"]
[WhiteElo "2885"]
[BlackElo "2680"]
[TimeControl "180+1"]
[EndTime "12:06:32 PST"]
[Termination "Sebastian won by resignation"]

1. d4 c5 2. d5 e5 3. Nc3 d6 4.
e4 Be7 5. f4 exf4 6. Bxf4 Bg5 7. Qd2 Bxf4 8. Qxf4 Qf6 9. Qg3 Nd7 10. Bb5 Ne7 11. Nf3 Ng6 12. O-O O-O 13. Bxd7 Bxd7 14. Rae1 Ne5 15. Nxe5 Qxe5 16. Qxe5 dxe5 17. a4 b6 18. Kf2 a6 19. Ke3 b5 20. axb5 axb5 21. Ra1 b4 22. Ne2 Bb5 23. Rfd1 Bxe2 24. Kxe2 Rfd8 25.
Kd3 f5 26. Rxa8 fxe4+ 27. Kxe4 Rxa8 28. d6 Kf7 29. Kxe5 c4 30. d7 Ke7 31. d8=Q+ Rxd8 32. Rxd8 Kxd8 33. Kd4 1-0

[Event "*** Titled Tuesday Blitz"]
[Site "Chess.com"]
[Date "2020.11.03"]
[Round "11"]
[White "Vanina1989"]
[Black "Smirnov_Pavel"]
[Result "1-0"]
[WhiteElo "2639"]
[BlackElo "2825"]
[TimeControl "180+1"]
[EndTime "12:06:40 PST"]
[Termination "Vanina1989 won by resignation"]

1. d4 Nf6 2. c4 e6 3. Nf3 d5 4. Nc3 c6 5. Bg5 h6 6. Bxf6 Qxf6 7. e3 g6 8. Be2 Bg7 9. O-O O-O 10. Ne5 Qd8 11. f4 Nd7 12. Bd3 dxc4 13. Bxc4 Qe7 14. Qg4 Nf6 15. Qg3 Nd5 16. Bd3 c5 17. Nxd5 exd5 18.
f5 cxd4 19. exd4 Qb4 20. f6 Qxd4+ 21. Kh1 Re8 22. Nxg6 Qg4 23. Ne7+ Rxe7 24. fxe7 1-0